Map: Traitor's Exile

Players

BunnyLove - Winner!

  • Race: Terran Terran
  • Spawn Location: 12:00

PureLegacy - Winner!

  • Race: Terran Terran
  • Spawn Location: 9:00

RetnuhTnelis

  • Race: Zerg Zerg
  • Spawn Location: 5:00

Darling

  • Race: Zerg Zerg
  • Spawn Location: 6:00

VOD

Have the link to the VOD?

Description

Time

  • Played on: Nov. 27, 2018, 7:40 a.m.
  • Length: 4:55
Show
View Real Time Build Order
Export as new Build Order

BunnyLove Terran - Winner!

Build Orders: Hellion Opening 

Get SALT Encoding   

  12  0:02  SCV  
  13  0:14  SCV  
  13  0:18  Supply Depot  
  14  0:26  SCV  
  15  0:30  Refinery  
  15  0:40  SCV  
  16  0:48  Barracks  
  16  0:52  SCV  
  17  0:58  Refinery  
  17  1:04  SCV  
  18  1:13  Supply Depot  
  18  1:17  SCV  
  19  1:33  SCV  
  19  1:36  Barracks Reactor  
  20  1:41  Factory  
  20  1:46  SCV  
  21  1:58  Orbital Command  
  21  2:14  Marine x2  
  23  2:26  Hellion  
  23  2:27  SCV  
  26  2:39  SCV  
  27  2:51  SCV  
  28  3:00  Factory  
  28  3:06  Hellion  
  30  3:20  Supply Depot, Barracks Tech Lab  
  30  3:35  Hellion  
  30  3:39  Hellion  
  30  3:53  Armory  
  28  3:56  Hellion  
  28  3:59  Hellion  
  28  4:00  Widow Mine  
  34  4:05  Supply Depot  
  34  4:18  Supply Depot, Widow Mine  
  34  4:22  Siege Tank  
Show
View Real Time Build Order
Export as new Build Order

PureLegacy Terran - Winner!

Build Orders:  

Get SALT Encoding   

  12  0:11  SCV  
  13  0:17  Supply Depot  
  13  0:23  SCV  
  14  0:35  SCV  
  15  0:36  Refinery  
  15  0:47  SCV  
  16  0:50  Barracks  
  16  0:59  SCV  
  17  1:07  Barracks  
  18  1:24  Barracks  
  17  1:26  SCV  
  18  1:40  Reaper  
  18  1:43  Orbital Command  
  19  1:52  Refinery  
  19  1:54  Reaper  
  20  2:06  Supply Depot  
  20  2:12  Reaper  
  20  2:15  Reaper  
  22  2:16  SCV  
  23  2:28  SCV  
  24  2:32  Reaper  
  26  2:44  Reaper  
  26  2:45  Supply Depot  
  27  2:51  Reaper  
  27  3:00  Barracks  
  27  3:01  Barracks  
  27  3:04  Reaper  
  28  3:10  Supply Depot  
  28  3:20  SCV  
  28  3:25  Reaper  
  30  3:28  Reaper  
  30  3:46  Reaper  
  31  3:50  Reaper  
  31  3:51  Reaper  
  31  3:52  SCV  
  34  3:59  Supply Depot, Reaper  
  35  4:03  Reaper  
  35  4:06  SCV  
  36  4:17  Command Center  
  36  4:18  Reaper  
  36  4:22  SCV  
Show
View Real Time Build Order
Export as new Build Order

RetnuhTnelis Zerg 

Build Orders: Pool First 

Get SALT Encoding   

  12  0:00  Drone  
  13  0:08  Drone  
  14  0:26  Spawning Pool  
  13  0:29  Extractor  
  13  0:31  Drone  
  14  0:35  Drone  
  14  0:45  Overlord  
  14  1:12  Zergling x4  
  14  1:13  Zergling x2  
  17  1:24  Zergling x2  
  18  1:34  Metabolic Boost  
  18  1:35  Zergling x2  
  19  1:48  Zergling x2  
  20  2:03  Zergling x2  
  21  2:20  Queen, Hatchery  
  22  2:35  Zergling x2  
  21  2:40  Zergling x2  
  19  2:53  Zergling x4  
  21  3:00  Overlord  
  18  3:21  Zergling x4  
  19  3:28  Zergling x2  
  19  3:29  Zergling x4  
  22  3:38  Zergling x2  
  23  3:46  Zergling x2  
  22  3:50  Queen  
  24  4:02  Zergling x6  
  27  4:07  Drone  
  26  4:18  Zergling x2  
  26  4:22  Drone  
  28  4:29  Drone  
Show
View Real Time Build Order
Export as new Build Order

Darling Zerg 

Build Orders: Pool Only, Ravager All-In 

Get SALT Encoding   

  12  0:01  Drone  
  13  0:09  Drone  
  14  0:28  Spawning Pool  
  14  0:30  Drone  
  14  0:39  Overlord  
  14  0:58  Drone x3  
  14  1:00  Extractor  
  16  1:05  Extractor  
  15  1:16  Roach Warren  
  14  1:19  Queen  
  16  1:25  Drone  
  17  1:35  Overlord  
  17  1:51  Overlord  
  17  1:59  Roach  
  19  2:06  Roach  
  21  2:12  Roach  
  23  2:22  Roach  
  25  2:27  Ravager  
  25  2:29  Ravager  
  27  2:35  Ravager  
  28  2:43  Roach  
  30  2:49  Roach  
  32  2:53  Ravager  
  33  3:30  Roach x2  
  25  3:43  Roach x2  
  25  3:44  Roach  
  25  3:45  Roach  
  29  3:57  Ravager  
  29  3:58  Ravager  
  31  4:05  Roach  
  33  4:10  Ravager  
  34  4:21  Roach  
  34  4:23  Roach  
  38  4:34  Roach  
Tags
 
Add a new tag
Caveats
  • Supply blocks, unpowered buildings, or Contaminate may cause inaccurate times.
  • Supply counts are checked every 10 seconds.